 Dungeon Crawl Stone Soup version 0.29.0-7-g18a832c13a (webtiles) character file.

Game seed: 10028379486245342530

4 gelatine the Grave Robber (level 1, -2/14 HPs)
             Began as a Ghoul Necromancer on Aug 31, 2022.
             Slain by a jackal (3 damage)
             ... on level 1 of the Dungeon.
             The game lasted 00:00:56 (72 turns).

gelatine the Grave Robber (Ghoul Necromancer)         Turns: 72, Time: 00:00:57

Health: -2/14      AC:  2    Str: 11    XL:     1   Next: 60%
Magic:  1/2        EV: 12    Int: 10    God:
Gold:   0          SH:  0    Dex:  9    Spells: 2/3 levels left

rFire   . . .      SeeInvis .   c - +2 short sword (venom)
rCold   + . .      Faith    .   (no shield)
rNeg    + + +      Spirit   .   a - +0 robe
rPois   ∞          Reflect  .   (no helmet)
rElec   .          Harm     .   (no cloak)
rCorr   .          Rampage  .   (no gloves)
Will    .....                   (no boots)
Stlth   ++........              (no amulet)
HPRegen 0.00/turn               (no ring)
MPRegen 0.08/turn               (no ring)

@: inhibited regen
A: claws 1, cold resistance 1, negative energy resistance 3, inhibited
regeneration, torment resistance 2, devour on kill
a: no special abilities


You were on level 1 of the Dungeon.
You visited 1 branch of the dungeon, and saw 1 of its levels.

Inventory:

Hand Weapons
 c - a +2 short sword of venom (weapon)
Armour
 a - a +0 robe (worn)
Potions
 b - a potion of magic


   Skills:
 + Level 1.7 Dodging
 + Level 2.2 Stealth
 + Level 1.8 Spellcasting
 + Level 4.2 Necromancy


You had 2 spell levels left.
You knew the following spells:

 Your Spells              Type           Power      Damage    Failure   Level
a - Necrotise             Necr           36%        1d5       6%          1

Your spell library contained the following spells:

 Spells                   Type           Power      Damage    Failure   Level
 Vampiric Draining        Necr           9%         2d6       17%         3
 Animate Dead             Necr           9%         N/A       50%         4
 Agony                    Necr           9%         N/A       85%         5


Dungeon Overview and Level Annotations

Branches:
Dungeon (1/15)

Altars:


Innate Abilities, Weirdness & Mutations

You are immune to poison.
You have sharp fingernails.
Your flesh is cold resistant. (rC+)
You are immune to negative energy. (rN+++)
You do not regenerate when monsters are visible.
You are immune to unholy pain and torment.
You thrive by killing the living.


Message History

You barely miss the jackal. The jackal bites you.
The jackal bites your kobold skeleton.
Your kobold skeleton closely misses the jackal.
The jackal barely misses you. x2; The jackal bites your kobold skeleton.
Your kobold skeleton is destroyed!
You hit the jackal.
The jackal is poisoned.
The jackal is heavily wounded.
The jackal misses you.
You hit the jackal but do no damage.
The jackal looks even sicker.
The jackal is almost dead.
The jackal closely misses you.
The jackal bites you but does no damage.
The jackal closely misses you. The jackal misses you.
The endoplasm jiggles.
The jackal barely misses you.
The jackal bites you but does no damage.
The jackal bites you. x2
You barely miss the jackal.
The jackal is almost dead.
You kill the jackal!
The jackal closely misses you.
The jackal bites you but does no damage.
The jackal bites you.
You barely miss the endoplasm. The jackal closely misses you.
The jackal misses you. The jackal closely misses you.
The endoplasm freezes you.
You are frozen.
You resist. The jackal bites you. The jackal closely misses you.
The jackal bites you.
You barely miss the endoplasm. The jackal bites you.
* * * LOW HITPOINT WARNING * * *
The jackal bites you.
* * * LOW HITPOINT WARNING * * *
The jackal barely misses you. The endoplasm freezes you.
You are frozen.
You resist.
* * * LOW HITPOINT WARNING * * *
The jackal attacks as you move away! The jackal bites you.
* * * LOW HITPOINT WARNING * * *
The jackal barely misses you. The jackal bites you.
You die...

#..~~~~~..<..~~~~ #
#.P##~##P...P##~# #.
#..P#~#P.....P#~#
###.####................
...............###...###
##.....######## #..##
####....(# #.##
.......hh#### #.#
......Jh@...# #.#
.###.....##.# #.#
###.### # #.# #. #.# #.
#. #.


You could see an endoplasm and 3 jackals.

Vanquished Creatures
  An endoplasm (D:1)
  A jackal (D:1)
  A kobold (D:1)
3 creatures vanquished.

Notes
Turn   | Place    | Note
-------+----------+-------------------------------------------
     0 | D:1      | gelatine the Ghoul Necromancer began the quest for the Orb.
     0 | D:1      | Reached XP level 1. HP: 14/14 MP: 2/2
    72 | D:1      | Slain by a jackal

Illustrated notes

Levels and vault maps discovered:
D:1:      eino_arrival_water_cross, layout_loops_ring,
          shapermc_ecumenical_altar_totnotflames, minmay_tetromino_i4

Action                   || total
-------------------------++-------
Melee: Short sword       ||     8
       Unarmed           ||     1
 Cast: Necrotise         ||     4
Armor: Robe              ||     3
Dodge: Dodged            ||    15
